 Dungeon Crawl Stone Soup version 0.30-b1-2-g02819fbbbe (webtiles) character file.

Game seed: 6551055969211197582

1637 Alarkh the Skirmisher (level 8, -10/65 HPs)
             Began as a Demonspawn Hexslinger on July 9, 2023.
             Mangled by a troll (15 damage)
             ... on level 5 of the Dungeon.
             The game lasted 00:06:20 (4221 turns).

Alarkh the Skirmisher (Demonspawn Hexslinger)       Turns: 4221, Time: 00:06:20

Health: -10/65     AC:  8    Str: 11    XL:     8   Next: 66%
Magic:  9/9        EV: 13    Int: 20    God:
Gold:   242        SH:  0    Dex: 27    Spells: 8/9 levels left

rFire   . . .        b - +12 hand axe "Ischys" {spect, *Slow rPois Stlth+}
rCold   . . .        (no shield)
rNeg    . . .        c - +1 robe
rPois   +            C - +1 helmet of Deenafops {Dex+3 SInv}
rElec   .            (no cloak)
rCorr   .            n - +0 pair of gloves
SInv    +            (no boots)
Will    .....        (no amulet)
Stlth   +++          s - +6 ring of dexterity
HPRegen 0.30/turn    G - +6 ring of dexterity
MPRegen 0.11/turn

%: slow self (1%)
@: no status effects
A: thin metallic scales 1, powered by pain 1, weakness stinger 1, clever 1,
mutation resistance 1, teleportitis 1, MP-powered wands
a: no special abilities


You were on level 5 of the Dungeon.
You visited 1 branch of the dungeon, and saw 5 of its levels.

You collected 242 gold pieces.

Inventory:

Hand Weapons
 a - a +1 sling
 b - the +12 hand axe "Ischys" (weapon) {spect, *Slow rPois Stlth+}
   (You found it on level 3 of the Dungeon)

   rPois:     It protects you from poison.
   *Slow:     It may slow you when you take damage.
   Stlth:     It makes you more stealthy.
 r - a +0 short sword of draining
 B - a +2 dagger of electrocution
Missiles
 j - 10 poisoned darts
Armour
 c - a +1 robe (worn)
 n - a +0 pair of gloves (worn)
 o - a +0 leather armour
 C - the +1 helmet of Deenafops (worn) {Dex+3 SInv}
   (You took it off Robin on level 4 of the Dungeon)

   Dex:       It affects your dexterity (+3).
   SInv:      It lets you see invisible.
Jewellery
 h - an amulet of magic regeneration
 s - a +6 ring of dexterity (left hand)
 G - a +6 ring of dexterity (right hand)
Wands
 y - a wand of polymorph (6)
Scrolls
 d - 2 scrolls of poison
 e - a scroll of enchant weapon
 g - a scroll of blinking {unknown}
 i - a scroll of immolation
 k - a scroll of teleportation
 m - 3 scrolls of enchant armour
 p - a scroll of amnesia
 u - a scroll of noise {unknown}
 v - a scroll of vulnerability {unknown}
 F - a scroll of magic mapping {unknown}
Potions
 f - 3 potions of curing
 l - 2 potions of attraction
 q - a potion of haste
 t - a potion of resistance
 x - a potion of heal wounds {unknown}
 z - a potion of magic {unknown}
 A - a potion of invisibility {unknown}
 E - a potion of degeneration {unknown}


   Skills:
 + Level 6.4 Fighting
 * Level 8.4 Ranged Weapons
 - Level 1.7 Dodging
 - Level 1.0 Spellcasting
 - Level 3.0 Hexes


You had 8 spell levels left.
You knew the following spells:

 Your Spells              Type           Power      Damage    Failure   Level
a - Slow                  Hex            52%        N/A       4%          1

Your spell library contained the following spells:

 Spells                   Type           Power      Damage    Failure   Level
 Inner Flame              Hex/Fire       7%         N/A       28%         3
 Portal Projectile        Hex/Tloc       14%        N/A       28%         3
 Ignite Poison            Fire/Tmut/Pois 1%         N/A       45%         3
 Cause Fear               Hex            6%         N/A       45%         4
 Sticky Flame             Conj/Fire      1%         2d3       86%         4
 Ignition                 Fire           0%         3d3       100%        8


Dungeon Overview and Level Annotations

Branches:
Dungeon (5/15)
 Temple: D:4-7

Altars:

Shops:
D:2 :

Annotations:
D:5 2 runed translucent doors


Innate Abilities, Weirdness & Mutations

You are partially covered in thin metallic scales. (AC +2)
You sometimes gain a little power by taking damage.
You have a small tail.
Your mind is acute. (Int +4, Str/Dex -1)
You are somewhat resistant to further mutation.
You are occasionally teleported next to monsters.
You expend magic power (3 MP) to strengthen your wands.


Message History

The yak is heavily wounded.
Your +12 hand axe "Ischys" {spect, *Slow rPois Stlth+} hits the yak!
The yak closely misses you.
You hit the yak.
The yak is almost dead.
Your +12 hand axe "Ischys" {spect, *Slow rPois Stlth+} hits the yak!
You kill the yak!
The troll bites your +12 hand axe "Ischys" {spect, *Slow rPois Stlth+}.
Your spectral weapon shares its damage with you!
* * * LOW HITPOINT WARNING * * *
The troll claws your +12 hand axe "Ischys" {spect, *Slow rPois Stlth+}.
Your spectral weapon shares its damage with you!
* * * LOW HITPOINT WARNING * * *
The troll claws your +12 hand axe "Ischys" {spect, *Slow rPois Stlth+}!
Your spectral weapon shares its damage with you!
* * * LOW HITPOINT WARNING * * *
Your +12 hand axe "Ischys" {spect, *Slow rPois Stlth+} disappears.
You see here an adder corpse.
Things that are here:
a +0 flail; a gnoll corpse The air fills with toxic fumes!
As you read the scroll of poison, it crumbles to dust.
You slash the troll!
The troll is moderately wounded.
The troll is engulfed in poison gas.
The troll is poisoned.
The troll bites you. The troll claws you.
* * * LOW HITPOINT WARNING * * *
The troll closely misses you.
You barely miss the troll. You tail-slap the troll.
The troll is moderately wounded.
The troll is engulfed in poison gas.
The troll looks even sicker.
The troll bites you.
* * * LOW HITPOINT WARNING * * *
The troll claws you.
* * * LOW HITPOINT WARNING * * *
The troll claws you!
* * * LOW HITPOINT WARNING * * *
The troll is engulfed in poison gas.
The troll looks even sicker.
The troll bites you!
You die...

..........# #...###'#
..........# ######))##...###
##...###### #.......#.#.##.#
#...# #.......#)##.#.# #...#
#.......#.#[##.# #...#
#.......#.###..# #...#
######..##...)##
##...#################☼§.######.
..........§○☼§§§@T.§☼§§☼........
##...###.○§###########○#......#
##### ###..###### #.#.######
##..[...# #.#.# ######.## #.#..
#..####.#### ##........#
##.......# #.......#


You could see a troll (very poisoned).

Vanquished Creatures
  A troll (D:5)
  Grinder (D:3)
  Eustachio (D:5)
  A yak (D:5)
  An ice beast (D:5)
  2 black bears (D:5)
  An ogre (D:4)
  Blork the orc (D:5)
  2 scorpions (D:5)
  3 hounds (D:5)
  An orc wizard (D:5)
  Robin (D:4)
  10 gnolls
  4 adders
  A worm (D:4)
  4 dart slugs
  9 orcs
  11 endoplasms
  9 giant cockroaches
  14 goblins
  3 hobgoblins (D:4)
  7 jackals
  6 kobolds
  7 quokkas
  9 ball pythons
  9 bats
  3 frilled lizards
  7 rats
129 creatures vanquished.

Vanquished Creatures (others)
  A spectral weapon (D:5)
1 creature vanquished.

Grand Total: 130 creatures vanquished

Notes
Turn   | Place    | Note
-------+----------+-------------------------------------------
     0 | D:1      | Alarkh the Demonspawn Hexslinger began the quest for the
                  | Orb.
     0 | D:1      | Reached XP level 1. HP: 15/15 MP: 2/2
    54 | D:1      | Reached skill level 2 in Ranged Weapons
   229 | D:1      | Gained mutation: You have a small tail. [demonic ancestry]
   229 | D:1      | Reached XP level 2. HP: 21/21 MP: 3/3
   861 | D:2      | Reached XP level 3. HP: 27/27 MP: 4/4
   938 | D:2      | Found Xyud's Book Emporium.
   955 | D:2      | Reached skill level 3 in Ranged Weapons
  1461 | D:2      | Reached XP level 4. HP: 33/33 MP: 5/5
  1968 | D:3      | Noticed Grinder
  2179 | D:3      | Identified the +12 hand axe "Ischys" {spect, *Slow rPois
                  | Stlth+}
  2238 | D:3      | Paralysed by Grinder for 4 turns
  2244 | D:3      | Killed Grinder
  2245 | D:3      | Reached skill level 4 in Ranged Weapons
  2245 | D:3      | Reached XP level 5. HP: 18/41 MP: 2/6
  2245 | D:3      | Gained mutation: You are partially covered in thin metallic
                  | scales. (AC +2) [demonic ancestry]
  2245 | D:3      | Reached XP level 6. HP: 21/47 MP: 2/7
  3029 | D:4      | Reached skill level 5 in Ranged Weapons
  3055 | D:4      | Identified the +5 short sword of Calamity {chaos, rElec}
  3433 | D:4      | Identified the +1 helmet of Deenafops {Dex+3 SInv}
  3433 | D:4      | Noticed Robin
  3448 | D:4      | Killed Robin
  3616 | D:5      | Entered Level 5 of the Dungeon
  3648 | D:5      | Reached skill level 6 in Ranged Weapons
  3648 | D:5      | Reached XP level 7. HP: 48/55 MP: 8/8
  3742 | D:5      | Noticed Eustachio
  3766 | D:5      | Killed Eustachio
  3767 | D:5      | Reached skill level 5 in Fighting
  3853 | D:5      | Noticed Blork the orc
  3856 | D:5      | Killed Blork the orc
  3916 | D:5      | Reached skill level 7 in Ranged Weapons
  3916 | D:5      | Gained mutation: You sometimes gain a little power by
                  | taking damage. [demonic ancestry]
  3916 | D:5      | Reached XP level 8. HP: 49/62 MP: 9/9
  4011 | D:5      | Found a large runed translucent door.
  4012 | D:5      | Found a large runed translucent door.
  4072 | D:5      | Noticed a troll
  4094 | D:5      | Noticed a troll
  4099 | D:5      | Killed a troll
  4100 | D:5      | Reached skill level 8 in Ranged Weapons
  4159 | D:5      | Found a large runed translucent door.
  4159 | D:5      | Found a large runed translucent door.
  4163 | D:5      | Gained mutation: You expend magic power (3 MP) to
                  | strengthen your wands. [potion of mutation]
  4163 | D:5      | Gained mutation: You have a pair of small horns on your
                  | head. [potion of mutation]
  4163 | D:5      | Gained mutation: Your spells are a little easier to cast,
                  | but a little less powerful. [potion of mutation]
  4164 | D:5      | Lost mutation: Your spells are a little easier to cast, but
                  | a little less powerful. [potion of mutation]
  4164 | D:5      | Lost mutation: You have a pair of small horns on your head.
                  | [potion of mutation]
  4164 | D:5      | Gained mutation: Your mind is acute. (Int +4, Str/Dex -1)
                  | [potion of mutation]
  4164 | D:5      | Gained mutation: You are occasionally teleported next to
                  | monsters. [potion of mutation]
  4164 | D:5      | Gained mutation: You are somewhat resistant to further
                  | mutation. [potion of mutation]
  4221 | D:5      | Mangled by a troll

Illustrated notes

Levels and vault maps discovered:
D:1:      nicolae_arrival_washed_ashore, layout_basic
D:2:      layout_loops_corners, serial_shops, nicolae_shop_window_shopping,
          minmay_misc_feat_more_columns, hex_medium
D:3:      layout_loops_corners, kennysheep_generic_room_14, uniq_grinder
D:4:      layout_cave_pools, hangedman_glass_teeth, uniq_robin
D:5:      layout_basic, minmay_hollow_rounded_squares, uniq_blork_the_orc,
          uniq_crazy_yiuf_cottage, uniq_eustachio

Skill      XL: |  1  2  3  4  5  6  7  8 |
---------------+-------------------------+-----
Ranged Weapons | 2 3 4 6 7 8 |  8.4
Fighting       | 2 3 4 5 6 |  6.4
Dodging        | |  1.7
Spellcasting   | |  1.0
Hexes          | |  3.0

Action                     |  1- 3 |  4- 6 |  7- 9 || total
---------------------------+-------+-------+-------++-------
  Melee: Hand axe          |       |    37 |    69 ||   106
         Tailslap          |       |     3 |    11 ||    14
   Fire: Sling             |   120 |   142 |       ||   262
   Cast: Slow              |       |     2 |       ||     2
    Use: Scroll            |     3 |     3 |     3 ||     9
         Potion            |       |       |     2 ||     2
   Stab: Distracted        |       |     1 |     1 ||     2
         Sleeping          |       |       |     4 ||     4
 Armour: Robe              |     4 |    22 |    22 ||    48
  Dodge: Dodged            |    31 |    44 |    39 ||   114
